 Dungeon Crawl Stone Soup version 0.19-a0-1079-g88a7474 (webtiles) character file.

74 aronpayne the Chiller (level 4, 0/35 HPs)
             Began as a Draconian Ice Elementalist on Aug 5, 2016.
             Slain by a gnoll (2 damage)
             ... on level 2 of the Dungeon on Aug 6, 2016.
             The game lasted 00:12:05 (1881 turns).

aronpayne the Chiller (Draconian Ice Elementalist)  Turns: 1881, Time: 00:12:05

Health: 0/35       AC:  5    Str: 10    XL:     4   Next: 10%
Magic:  0/7        EV: 12    Int: 17    God:
Gold:   124        SH:  0    Dex: 11    Spells: 3 memorised, 2 levels left

rFire  . . .     SeeInvis .     d - +0 dagger
rCold  . . .     Gourm    .     (armour unavailable)
rNeg   . . .     Faith    .     (no shield)
rPois  .         Spirit   .     (helmet restricted)
rElec  .         Dismiss  .     (no cloak)
rCorr  .         Reflect  .     (no gloves)
SustAt .         Harm     .     (no boots)
MR     +....                    (no amulet)
Stlth  ++........               (no ring)
                                i - ring of protection from magic

@:
A: unfitting armour, cold-blooded, AC +5
a: no special abilities


You were on level 2 of the Dungeon.
You were not hungry.

You visited 1 branch of the dungeon, and saw 2 of its levels.

You collected 124 gold pieces.

Inventory:

Hand Weapons
 d - a +0 dagger (weapon)
 p - a +1 hand axe of electrocution
Jewellery
 i - a ring of protection from magic (left hand)
 l - an uncursed amulet of magic regeneration {unknown}
Scrolls
 e - a scroll of enchant weapon {unknown}
 f - 3 scrolls of remove curse {unknown}
 h - 5 scrolls of identify {unknown}
 j - a scroll of random uselessness {unknown}
 n - 2 scrolls of blinking {unknown}
 q - a scroll of amnesia {unknown}
 s - a scroll of enchant armour {unknown}
Potions
 c - a potion of ambrosia
 r - a potion of resistance {unknown}
Books
 a - a book of Frost

   Spells                             Type                      Level
   a - Freeze                         Ice                          1
   b - Throw Frost                    Conjuration/Ice              2
   c - Ozocubu's Armour               Charms/Ice                   3
   d - Throw Icicle                   Conjuration/Ice              4
   e - Summon Ice Beast               Ice/Summoning                4
Comestibles
 b - 4 bread rations
 g - a chunk of flesh
 k - 2 meat rations


   Skills:
 + Level 1.5 Fighting
 + Level 2.6 Dodging
 - Level 1.7 Stealth
 + Level 2.6 Spellcasting
 - Level 1.0 Conjurations
 + Level 3.6 Ice Magic


You had 2 spell levels left.
You knew the following spells:

 Your Spells              Type           Power        Failure   Level  Hunger
a - Freeze                Ice            ##..         4%          1    #......
b - Throw Frost           Conj/Ice       ##....       14%         2    ##.....
c - Ozocubu's Armour      Chrm/Ice       #.......     30%         3    ###....


Dungeon Overview and Level Annotations

Branches:
Dungeon (2/15)

Altars:


Innate Abilities, Weirdness & Mutations

Your plain brown scales are hard. (AC +5)
Your body does not fit into most forms of armour.
You are cold-blooded and may be slowed by cold attacks.


Message History

The gnoll hits you.
You barely miss the gnoll.
Your tail-slap misses the gnoll.
The gnoll hits you but does no damage. The gnoll closely misses you.
You hit the gnoll.
Your tail-slap misses the gnoll.
The gnoll is moderately wounded.
The gnoll hits you. The gnoll hits you but does no damage.
You see here a club.
Casting: Freeze
Confirm with . or Enter, or press ? or * to list all spells.
Aiming: Freeze
Press: ? - help, Shift-Dir - straight line, f - gnoll
Aim: a gnoll (lightly wounded)
You freeze the gnoll.
The gnoll is severely wounded.
The gnoll hits you.
* * * LOW HITPOINT WARNING * * *
The gnoll hits you!
* * * LOW HITPOINT WARNING * * *
The gnoll hits you.
You die...

..........#######...#
..........#######...##
...............#8.).8#
............#####...##
.......##...# #...#
.......#8...8# ##...##
.......##...## #8...8#
##.....##...##.##gg.##
###### #...##..@...#
8...8#.###### #


You could see 2 gnolls.

Vanquished Creatures
  2 adders (D:2)
  A gnoll (D:2)
  An ooze (D:2)
  2 dart slugs
  2 giant geckos
  2 ball pythons (D:1)
  2 giant cockroaches
  5 hobgoblins
  2 jackals (D:1)
  2 kobolds (D:1)
  6 bats
  4 giant newts
  3 goblins (D:1)
  4 rats (D:1)
38 creatures vanquished.

Notes
Turn   | Place    | Note
-------+----------+-------------------------------------------
     0 | D:1      | aronpayne the Draconian Ice Elementalist began the quest for the Orb.
     0 | D:1      | Reached XP level 1. HP: 14/14 MP: 3/3
   498 | D:1      | Reached XP level 2. HP: 20/20 MP: 3/5
   912 | D:1      | Reached XP level 3. HP: 4/27 MP: 0/6
  1280 | D:2      | Learned a level 2 spell: Throw Frost
  1284 | D:2      | Learned a level 3 spell: Ozocubu's Armour
  1396 | D:2      | Reached skill level 1 in Fighting
  1822 | D:2      | Upgraded the game from 0.19-a0-1071-g4ed3155 to 0.19-a0-1079-g88a7474
  1866 | D:2      | Reached XP level 4. HP: 22/35 MP: 0/7
  1874 | D:2      | HP: 1/35 [gnoll (7)]
  1881 | D:2      | Slain by a gnoll

Vault maps used:
D:1:      dpeg_arrival_renting, minmay_octomino_e4
D:2:      serial_corexii_hall, corexii_hall_statues_s, corexii_hall_statues_i,
          corexii_hall_statues_i, corexii_hall_statues_t, cheibrodos_gnoll_hut

Skill      XL: |  1  2  3 |
---------------+----------+-----
Dodging        | 2 |  2.6
Fighting       | 1 |  1.5
Stealth        | |  1.7
Spellcasting   | |  2.6
Conjurations   | |  1.0
Ice Magic      | |  3.6

Action                   |  1- 3 |  4- 6 || total
-------------------------+-------+-------++-------
Melee: Unarmed           |     5 |       ||     5
       Dagger            |    65 |     2 ||    67
       Tailslap          |     3 |       ||     3
 Cast: Freeze            |    52 |     2 ||    54
       Throw Frost       |    11 |       ||    11
       Ozocubu's Armour  |     2 |       ||     2
  Use: Potion            |     3 |       ||     3
  Eat: Chunk             |     5 |       ||     5
Armor: Skin              |    43 |     2 ||    45
Dodge: Dodged            |    93 |     2 ||    95
